Match 41309792
Unlisted

Match 41309792
End
Construct Barracks
Selects Armored Battlegroup
Selects Veteran Crews
1⁄4-ton 4x4 Truck
1⁄4-ton 4x4 Truck
Engineer Squad
Mechanized Support Center
Riflemen Squad
Construct Motor Pool
M24 Chaffee Light Tank
Engineer Squad
Selects Fast Deploy
Selects M31 Recovery Vehicle
M24 Chaffee Light Tank
M8 Greyhound Armored Car
Selects War Machine
M24 Chaffee Light Tank
M8 Greyhound Armored Car
M24 Chaffee Light Tank
M1 Anti-tank Gun Team
Engineer Squad
Selects Seek and Destroy
M8 Greyhound Armored Car
M24 Chaffee Light Tank
M1 Anti-tank Gun Team
1⁄4-ton 4x4 Truck
M24 Chaffee Light Tank
M8 Greyhound Armored Car
Selects M4A3E8 Sherman Combat Group
Designate Forward Repair Station
M4A3E8 Sherman Combat Group
M4A3E8 Sherman Combat Group
M4A3E8 Sherman Combat Group
Grenade Package
M31 Recovery Vehicle
M4A3E8 Sherman Combat Group
M4A3E8 Sherman Combat Group
M4A3E8 Sherman Combat Group
Kylen
runningDuck
Bold Taste
Alekel
upomoc
The Wolf, Duc Volpe
***** *******
Woolridge
0
0

Comments sign in to comment!

No comments posted yet!